AoeStats
← Spar27

QS Arena

503144591Analyzed
2v2 RM · 3mo ago on Aug 30, 2026· 105m 34s· 4 players
Game mode
Random Map
Map size
Medium (4 player)
Population
200
Speed
Normal
Resources
Standard
Victory
Conquest
Starting age
Dark Age
Ending age
Imperial Age
RankedLock teamsTeams togetherTeam positionsShared explorationLock speedFull tech treeHidden civsTurbo modeCheats
Victory
Defeat
🇺🇸 Malians · United States
941
+12
🇯🇵 Khmer · Japan
915
+13
vs
🇨🇳 Armenians · China
896
-15
🇨🇳 Ethiopians · China
797
-10
Spar27
2:40 Loom
6:52 Feudal Age
10:28 Double-Bit Axe
11:17 Horse Collar
17:33 Castle Age
17:21 Man-at-Arms
18:37 Scale Mail Armor
18:48 Forging
18:30 Long Swordsman
20:32 Chain Mail Armor
21:57 Squires
36:21 Imperial Age
35:40 Iron Casting
36:23 Two-Handed Swordsman
46:38 Champion
63:17 Wheelbarrow
65:24 Light Cavalry
66:21 Bloodlines
68:40 Scale Barding Armor
69:12 Gold Mining
75:59 Chemistry
76:28 Cavalier
84:25 Farimba
85:33 Heavy Plow
My_Chat_Is_Banned
7:46 Feudal Age
8:38 Loom
13:02 Castle Age
11:15 Double-Bit Axe
11:15 Horse Collar
16:23 Heavy Plow
17:43 Fervor
21:14 Wheelbarrow
21:49 Gold Mining
22:44 Forging
28:19 Imperial Age
26:03 Scale Barding Armor
27:38 Bow Saw
27:45 Husbandry
27:56 Bloodlines
28:15 Chain Barding Armor
29:47 Stone Mining
29:55 Fletching
31:07 Stone Shaft Mining
34:12 Gold Shaft Mining
34:19 Bodkin Arrow
36:14 Plate Barding Armor
36:42 Bracer
37:50 Chemistry
39:34 Hand Cart
39:46 Ballistics
40:47 Conscription
39:53 Light Cavalry
41:13 Iron Casting
41:08 Hussar
43:16 Blast Furnace
45:54 Elite Ballista Elephant
46:45 Double Crossbow
47:25 Crop Rotation
51:16 Herbal Medicine
54:19 Siege Engineers
82:27 Caravan
84:37 Cavalier
94:01 Heavy Scorpion
104:26 Town Watch
Rockstar
8:03 Feudal Age
8:45 Horse Collar
9:48 Double-Bit Axe
13:14 Wheelbarrow
15:06 Fletching
15:19 Padded Archer Armor
17:55 Castle Age
16:19 Gold Mining
16:21 Stone Mining
19:00 Bow Saw
19:31 Gold Shaft Mining
18:53 Crossbowman
21:29 Heavy Plow
22:30 Bodkin Arrow
23:31 Leather Archer Armor
27:58 Hand Cart
31:21 Imperial Age
29:33 Stone Shaft Mining
29:37 Loom
31:48 Fortified Wall
31:59 Ballistics
31:55 Masonry
32:09 Caravan
33:50 Chemistry
36:03 Two-Man Saw
35:26 Thumb Ring
40:21 Town Watch
44:19 Bracer
44:50 Ring Archer Armor
44:19 Arbalester
53:12 Torsion Engines
53:46 Siege Engineers
53:54 Masonry
53:41 Murder Holes
53:53 Town Patrol
58:13 Royal Heirs
57:45 Sappers
58:38 Conscription
70:26 Conscription
72:46 Onager
77:10 Elite Shotel Warrior
77:15 Siege Onager
79:34 Architecture
78:57 Heated Shot
82:44 Forging
82:35 Scale Mail Armor
82:28 Arson
82:43 Squires
82:20 Elite Shotel Warrior
85:51 Elite Shotel Warrior
MIG99
0:37 Loom
8:09 Feudal Age
8:48 Double-Bit Axe
9:54 Horse Collar
11:14 Gold Mining
10:56 Man-at-Arms
12:19 Arson
14:35 Fletching
15:25 Long Swordsman
16:48 Scale Mail Armor
20:47 Castle Age
19:27 Forging
19:42 Stone Mining
21:06 Two-Handed Swordsman
21:51 Heavy Plow
22:59 Iron Casting
24:38 Wheelbarrow
25:03 Pikeman
26:54 Town Watch
27:36 Bow Saw
28:02 Gold Shaft Mining
28:19 Chain Mail Armor
28:41 Squires
28:27 Gambesons
33:08 Imperial Age
36:50 Conscription
36:15 Onager
36:35 Champion
41:11 Plate Mail Armor
41:42 Blast Furnace
42:28 Conscription
42:14 Fereters
46:03 Bodkin Arrow
47:10 Caravan
49:09 Bracer
50:23 Capped Ram
52:22 Siege Ram
67:29 Halberdier
71:30 Murder Holes
80:32 Light Cavalry
99:35 Hoardings
104:54 Masonry
104:35 Heated Shot
105:08 Ballistics
105:48 Chemistry
Connection lost

Rejoining the realm…

Still unreachable

The connection could not be restored.

Session expired

The server has moved on; the page needs a fresh start.